 Dungeon Crawl Stone Soup version 0.22-a0-348-gd16d139 (webtiles) character file.

637098 PegasusDuck the Maledictor (level 27, 0/219 HPs)
             Began as a Human Conjurer on Apr 8, 2018.
             Was the Champion of Vehumet.
             Splashed by a yellow draconian's acid (5 damage)
             ... on level 5 of the Realm of Zot on Apr 9, 2018.
             The game lasted 09:29:50 (155853 turns).

PegasusDuck the Maledictor (Human Conjurer)       Turns: 155853, Time: 09:29:51

Health: 0/219      AC: 24    Str:  9      XL:     27
Magic:  39/45      EV: 26    Int: 29 (32) God:    Vehumet [******]
Gold:   2783       SH:  0    Dex: 15      Spells: 1/62 levels left

rFire    + + +     SeeInvis +   a - +5 lajatang (speed)
rCold    + + .     Gourm    .   (shield currently unavailable)
rNeg     . . .     Faith    .   n - quicksilver dragon scales
rPois    +         Spirit   .   p - +2 helmet
rElec    .         Reflect  .   N - +1 cloak "Fulor" {rF++ MR+}
rCorr    +         Harm     .   z - +2 pair of gloves of Insatiable Hunger {rPois rCorr Slay+2}
MR       +++++     Rnd*Rage +   R - +2 pair of boots {Stlth+}
Stlth    ++++......             Q - amulet "Yro Pal Effi" {+Rage rC++ MR+ Str-2 Int+4}
HPRegen  0.46/turn              O - ring of Phasing {EV+8}
MPRegen  0.29/turn              X - ring of the Bull {rF+ Int+3 Slay+3 Stlth+}

@: about to teleport, corroded, studying Charms
A: hooves 1, see invisible, berserk 1
}: 3/15 runes: barnacled, silver, gossamer
a: Renounce Religion, Evoke Berserk Rage


You were on level 5 of the Realm of Zot.
You worshipped Vehumet.
Vehumet was exalted by your worship.
You were not hungry.

You visited 10 branches of the dungeon, and saw 50 of its levels.
You visited 1 bazaar.
You also visited: Volcano.

You collected 8032 gold pieces.
You spent 5249 gold pieces at shops.

Inventory:

Hand Weapons
 a - a +5 lajatang of speed (weapon)
Armour
 n - quicksilver dragon scales (worn)
 p - a +2 helmet (worn)
 z - the +2 pair of gloves of Insatiable Hunger (worn) {rPois rCorr Slay+2}
   (You found it on level 4 of the Depths)

   It affects your accuracy and damage with ranged weapons and melee attacks
   (+2).
   It protects you from poison.
   It protects you from acid and corrosion.
 N - the +1 cloak "Fulor" (worn) {rF++ MR+}
   (You bought it in a shop on level 3 of the Elven Halls)

   It greatly protects you from fire.
   It affects your resistance to hostile enchantments.
 R - a +2 pair of boots of stealth (worn)
Magical Staves
 b - an uncursed staff of wizardry
Jewellery
 w - the ring of Pantheism {Str+4 Int+3 SInv}
   (You found it on level 3 of the Lair of Beasts)

   [ring of see invisible]

   It affects your strength (+4).
   It affects your intelligence (+3).
   It lets you see invisible.
 y - an uncursed ring of protection from magic
 O - the ring of Phasing (left hand) {EV+8}
   (You bought it in a shop on level 3 of the Shoals)

   [ring of evasion]

   It affects your evasion (+8).
 Q - the amulet "Yro Pal Effi" (around neck) {+Rage rC++ MR+ Str-2 Int+4}
   (You found it on level 3 of the Shoals)

   [amulet of rage]

   It affects your strength (-2).
   It affects your intelligence (+4).
   It greatly protects you from cold.
   It affects your resistance to hostile enchantments.
   It lets you go berserk.
 U - an uncursed ring of positive energy
 X - the ring of the Bull (right hand) {rF+ Int+3 Slay+3 Stlth+}
   (You took it off a deep elf demonologist on level 3 of the Elven Halls)

   [ring of protection from fire]

   It affects your intelligence (+3).
   It affects your accuracy and damage with ranged weapons and melee attacks
   (+3).
   It protects you from fire.
   It makes you more stealthy.
Wands
 j - a wand of paralysis (38)
 k - a wand of acid (11)
 m - a wand of disintegration (33)
 s - a wand of digging (17)
 B - a wand of iceblast (20)
 K - a wand of scattershot (12)
Scrolls
 d - 26 scrolls of remove curse
 e - 4 scrolls of fog
 h - 16 scrolls of teleportation
 q - 10 scrolls of amnesia
 t - 7 scrolls of immolation
 E - 5 scrolls of magic mapping
 L - 2 scrolls of fear
 M - a scroll of identify
 V - 4 scrolls of vulnerability
 Z - a scroll of holy word
Potions
 f - 5 potions of flight
 i - 4 potions of resistance
 l - 4 potions of haste
 o - 7 potions of curing
 r - 4 potions of mutation
 u - 6 potions of brilliance
 x - 4 potions of might
 P - 8 potions of lignification
 W - 6 potions of berserk rage
 Y - a potion of agility
Books
 S - a manual of Charms
Miscellaneous
 g - a crystal ball of energy
 v - a box of beasts
 D - a lamp of fire (inert)
 F - a phial of floods (inert)
 G - a lightning rod (4/4)
 H - a crystal ball of energy
 J - 3 phantom mirrors
 T - a fan of gales (inert)
Comestibles
 c - 9 rations


   Skills:
 + Level 18.5 Fighting
   Level 7.2(11.2) Polearms
 - Level 13.3(14.0) Staves
 + Level 15.1 Armour
 - Level 13.9 Dodging
 - Level 5.0 Stealth
 + Level 18.3 Spellcasting
 - Level 17.1 Conjurations
 - Level 22.6 Hexes
 + Level 15.6 Translocations
 - Level 12.0 Evocations


You had one spell level left.
You knew the following spells:

 Your Spells              Type           Power        Failure   Level  Hunger
a - Magic Dart            Conj           ####         0%          1    None
b - Passage of Golubria   Tloc           N/A          1%          4    None
c - Dazzling Spray        Conj/Hex       ######       0%          3    None
d - Iskenderun's Mystic   Conj           #######.     1%          4    None
e - Force Lance           Conj/Tloc      #######.     1%          4    None
f - Slow                  Hex            ########     0%          2    None
g - Confuse               Hex            ########     0%          3    None
h - Cause Fear            Hex            ########..   0%          4    None
i - Controlled Blink      Tloc           N/A          32%         8    ######.
j - Discord               Hex            ########..   2%          8    ######.
k - Darkness              Hex            ########..   1%          6    #......
l - Blink                 Tloc           N/A          0%          2    None
o - Orb of Destruction    Conj           #######...   1%          7    ####...
P - Silence               Hex/Air        #######...   1%          5    None


Dungeon Overview and Level Annotations

Branches:
Dungeon (15/15)            Temple (1/1) D:4            Lair (6/6) D:9
 Shoals (4/4) Lair:3       Spider (4/4) Lair:4        Slime (0/5) Lair:6
    Orc (2/2) D:10            Elf (3/3) Orc:2        Vaults (5/5) D:14
  Crypt (0/3) Vaults:2     Depths (5/5) D:15            Zot (5/5) Depths:5

Altars:
Ashenzari
Cheibriados
Dithmenos
Elyvilon
Fedhas
Gozag
Hepliaklqana
Kikubaaqudgha
Makhleb
Nemelex Xobeh
Okawaru
Qazlal
Ru
Sif Muna
Trog
Uskayaw
Vehumet
Wu Jian
Xom
Yredelemnul
Zin
The Shining One
Jiyva

Shops:
D:4 *((   D:7 *   D:9 [   D:11 %   Orc:2 ::%[(   Elf:2 *=*   Elf:3 [
Shoals:1 (   Shoals:3 =%}=   Vaults:3 =   Vaults:5 =   Depths:1 }=}
Depths:2 [

Portals:
Hell: Depths:1 Depths:2 Depths:3 Depths:4 Depths:5
Abyss: Depths:4
Pandemonium: Depths:3 Depths:5
Ziggurat: Depths:2
Trove: D:15 (give 14 potions of heal wounds)

Annotations:
D:13 8 runed doors
Spider:2 exclusion: ghost moth
Depths:2 4 exclusions


Innate Abilities, Weirdness & Mutations

You have large cloven feet.
You have supernaturally acute eyesight. (SInv)
You tend to lose your temper in combat.


Message History

* * * LOW HITPOINT WARNING * * *
The yellow draconian is engulfed in poison gas.
The yellow draconian looks as sick as possible!
The yellow draconian hits the Orb Guardian with a dire flail!
The Orb Guardian is engulfed in poison gas.
The Orb Guardian looks as sick as possible!
The Orb Guardian misses the Orb Guardian.
Okay, then.
Unknown command.
You feel better.
The Orb Guardian looks as sick as possible!
The Orb Guardian closely misses the Orb Guardian.
The Orb Guardian is engulfed in poison gas.
The Orb Guardian looks as sick as possible!
The Orb Guardian completely misses you.
The yellow draconian throws acid at you.
The glob of acid hits you! You resist.
* * * LOW HITPOINT WARNING * * *
You are splashed with acid!
The acid burns!
You resist.
You die...

......▓▓.^.....................▓▓
.......▓......................▓▓
.0.....".................d...▓▓
.^.....▓......................▓
......▓▓.......................▓
.....▓▓▓....................d...▓
▓▓▓▓▓▓ #......§X§d§.............▓
##.....§Xdd^.....
##▓.(.§§@....... ▓▓▓▓..........
#▓▓▓▓▓▓▓▓▓▓###. ###..^..d...
##....##..... #######...### ...
....^....## . ........##
........#


You could see 2 draconians, a green draconian, an Orb Guardian and a neutral Orb
Guardian (insane).

Vanquished Creatures
  3 ancient liches
  7 orbs of fire
  A juggernaut (Depths:2)
  Boris (Depths:5)
  A curse toe (Zot:1)
  5 caustic shrikes
  7 Killer Klowns
  Xtahua (Depths:5)
  13 golden dragons
  the Enchantress (Depths:3)
  Nikola (Shoals:4)
  Jory (Vaults:4)
  Jorgrun (Elf:2)
  4 electric golems
  15 tentacled monstrosities
  Rupert (Spider:1)
  18 Orb Guardians (Zot:5)
  A large abomination (Vaults:4)
  5 liches
  2 deep elf blademasters
  8 quicksilver dragons
  3 titans
  2 krakens
  7 death cobs
  7 sphinxes
  A sphinx (shapeshifter) (Vaults:5)
  10 shadow dragons
  Kirke (D:11)
  Polyphemus (Shoals:3)
  Agnes (D:15)
  Ilsuiw (Shoals:3)
  5 tengu reavers
  12 storm dragons
  An azure jelly (Shoals:4)
  3 draconian monks
  9 fire giants
  4 draconian knights
  A balrug (Depths:4)
  An iron dragon (Depths:2)
  A frost giant (shapeshifter) (Depths:3)
  13 frost giants
  16 vault wardens
  9 deep elf sorcerers
  7 emperor scorpions
  2 orc warlords
  10 ghost moths
  A draconian scorcher (Depths:5)
  7 deep elf elementalists
  2 draconian stormcallers
  14 ironheart preservers
  2 draconian annihilators
  7 spriggan defenders
  23 stone giants
  7 very ugly things
  2 war gargoyles
  7 deep elf annihilators
  5 entropy weavers
  4 deep elf demonologists
  3 vampire knights
  2 purple draconians (Zot:2)
  6 black draconians
  5 green draconians
  7 white draconians
  4 yellow draconians
  6 red draconians
  3 spark wasps
  2 dire elephants (Zot:3)
  10 ettins
  8 merfolk javelineers
  10 ogre magi
  A crystal guardian (Vaults:3)
  6 deep elf death magi
  19 fire dragons
  17 merfolk impalers
  3 deep elf high priests
  Harold (D:10)
  14 vault guards
  13 ice dragons
  8 rakshasas
  4 great orbs of eyes
  18 yaktaur captains
  5 hydras
  2 hydras (shapeshifter)
  6 spriggan air magi
  31 two-headed ogres
  Erica (Orc:1)
  An alligator snapping turtle (Vaults:1)
  6 merfolk aquamancers
  4 satyrs
  2 merfolk avatars
  25 dancing weapons
  9 centaur warriors
  A two-headed ogre (shapeshifter) (Vaults:5)
  3 catoblepae
  3 death knights
  7 deep troll earth magi
  14 death yaks
  A queen ant (Spider:2)
  9 tengu warriors
  Urug (Lair:4)
  3 vampire magi
  10 deep troll shamans
  2 spriggan berserkers (Depths:1)
  A hell knight (Depths:3)
  17 deep elf knights
  3 fire crabs (shapeshifter)
  2 sun demons (Depths:4)
  2 shadow wraiths
  5 skeletal warriors (D:15)
  2 unseen horrors
  5 iron trolls
  4 wizards
  6 flayed ghosts
  2 orange crystal statues
  5 glowing orange brains
  25 deep trolls
  An unseen horror (shapeshifter) (D:13)
  11 sea snakes
  A kraken simulacrum (Shoals:4)
  12 deep elf archers
  18 ironbrand convokers
  25 harpies
  17 orc knights
  47 deep elf magi
  2 necromancers
  3 phantasmal warriors
  A tengu skeleton (Depths:2)
  15 orb spiders
  31 wolf spiders
  A frost giant zombie (Depths:2)
  A wolf spider zombie (D:15)
  An orc sorcerer (Elf:1)
  27 ugly things
  24 moths of wrath
  11 manticores
  3 salamanders (Volcano)
  10 fauns
  18 cyclopes
  A cyclops (shapeshifter) (Vaults:1)
  Maurice (Orc:1)
  A water nymph (shapeshifter) (Depths:5)
  17 elephants
  A human skeleton (Vaults:1)
  3 centaur zombies
  An ice statue (D:12)
  A black mamba (shapeshifter) (Vaults:4)
  7 black mambas
  6 merfolk sirens
  18 vault sentinels
  5 water nymphs
  4 torpor snails
  A gargoyle (D:11)
  5 komodo dragons
  6 rime drakes
  4 spiny frogs (Lair:6)
  55 yaktaurs
  16 demonic crawlers
  A redback zombie (D:15)
  A yaktaur (shapeshifter) (Depths:2)
  9 tengu conjurers
  2 kobold demonologists (D:15)
  5 ice devils (D:12)
  5 freezing wraiths
  2 queen bees
  4 polar bears (Lair:6)
  26 jumping spiders
  A meliai (shapeshifter) (Elf:2)
  11 trolls
  A wind drake (shapeshifter) (Vaults:3)
  35 merfolk
  15 slime creatures
  12 hornets
  A blink frog (shapeshifter) (Depths:1)
  15 blink frogs
  5 wind drakes
  9 snapping turtles
  10 hippogriffs
  A dream sheep (shapeshifter) (Vaults:4)
  3 air elementals
  4 dream sheep (Shoals:1)
  Sigmund (D:3)
  A flying skull (Vaults:2)
  4 shadows
  4 wyverns
  66 redbacks
  3 spriggans (Depths:3)
  A spriggan (shapeshifter) (Vaults:3)
  76 yaks
  A yak (shapeshifter) (Depths:3)
  6 basilisks
  A vampire (D:14)
  32 water elementals
  A golden eye (shapeshifter) (Elf:3)
  4 humans (Zot:3)
  3 wraiths
  21 tarantellas
  2 fire bats (Volcano)
  A hog (D:11)
  A hog (shapeshifter) (Vaults:5)
  2 fire elementals
  6 hungry ghosts
  A basilisk (shapeshifter) (Vaults:3)
  8 vampire mosquitoes
  Menkaure (D:6)
  3 steam dragons
  Edmund (D:5)
  5 wargs
  A deep troll zombie (Vaults:4)
  13 soldier ants
  A water moccasin (shapeshifter) (Depths:2)
  An elf zombie (Vaults:1)
  Duvessa (D:5)
  8 water moccasins
  3 hell hounds
  7 porcupines
  A swamp drake (shapeshifter) (Vaults:4)
  50 orc warriors
  4 sky beasts
  3 black bears
  3 ice beasts
  2 phantoms
  24 ogres
  8 boggarts
  4 wolves (Lair:6)
  4 necrophages
  23 centaurs
  The ghost of Nib the Sneak, an amateur OpAs (D:3)
  13 crocodiles
  2 human zombies
  A gnoll sergeant (D:9)
  3 big kobolds
  23 bullfrogs
  2 earth elementals (Elf:3)
  A yaktaur skeleton (Vaults:1)
  Dowan (D:5)
  6 scorpions
  A killer bee (shapeshifter) (Depths:3)
  52 killer bees
  6 wights
  6 electric eels
  2 vampire bats (Orc:1)
  7 howler monkeys
  7 crimson imps
  A bullfrog zombie (D:10)
  17 orc wizards
  3 centaur skeletons
  A gnoll shaman (D:6)
  7 hounds
  3 jellies
  3 bullfrog skeletons
  24 orc priests
  An iron imp (Spider:1)
  Jessica (D:3)
  6 iguanas
  33 worker ants
  Natasha (thrice) (D:2 D:4)
  2 hound zombies
  A worker ant zombie (D:6)
  13 adders
  21 gnolls
  4 shadow imps
  7 ufetubi
  2 oozes
  2 adder skeletons
  2 adder zombies (D:8)
  4 dart slugs
  5 worms
  4 leopard geckos
  96 orcs
  2 ball pythons
  15 bats
  8 giant cockroaches
  9 goblins
  7 hobgoblins
  14 jackals
  2 quokkas
  3 frilled lizards
  A jackal skeleton (D:7)
  A jackal zombie (D:6)
  10 kobolds
  A leopard gecko skeleton (D:6)
  A leopard gecko zombie (D:9)
  A quokka skeleton (D:7)
  A quokka zombie (D:5)
  5 rats
  3 crawling corpses (Vaults:5)
  A fungus (Lair:6)
  5 plants
  7 tentacles
2226 creatures vanquished.

Vanquished Creatures (collateral kills)
  Mara (Shoals:3)
  Saint Roka (Vaults:2)
  A Killer Klown (Zot:5)
  3 Orb Guardians (Zot:5)
  A quicksilver dragon (Zot:5)
  A titan (Depths:3)
  A sphinx (Depths:1)
  2 draconian monks
  A frost giant (Depths:3)
  4 fire giants
  3 draconian scorchers
  3 draconian knights
  A draconian shifter (Zot:5)
  2 vault wardens
  4 ironheart preservers
  A draconian stormcaller (Zot:4)
  A stone giant (Depths:2)
  2 draconian annihilators
  2 very ugly things (Depths:3)
  9 green draconians
  6 yellow draconians
  3 white draconians
  4 black draconians
  2 red draconians
  4 spark wasps
  2 purple draconians (Zot:3)
  2 fire dragons (Depths:1)
  2 ettins
  A yaktaur captain (Vaults:4)
  3 deep elf death magi
  Erolcha (Orc:1)
  13 vault guards
  3 hydras (Depths:1)
  A rakshasa (D:13)
  2 ogre magi (Depths:1)
  12 two-headed ogres
  3 dancing weapons (Elf:2)
  6 deep troll shamans
  A deep troll earth mage (Depths:2)
  2 tengu warriors (Depths:3)
  2 deep elf knights (Elf:2)
  An iron troll (Depths:1)
  7 deep trolls
  3 ironbrand convokers
  5 deep elf archers
  3 orc knights
  A phantasmal warrior (Vaults:5)
  A shadow dragon zombie (Vaults:4)
  14 deep elf magi
  A necromancer (Vaults:4)
  7 ugly things
  4 manticores
  2 moths of wrath (Zot:5)
  A frost giant skeleton (Vaults:4)
  2 vault sentinels (Vaults:5)
  A komodo dragon (D:13)
  A demonic crawler (Spider:1)
  15 yaktaurs
  A rime drake (Depths:1)
  A hornet (Depths:5)
  A redback (Spider:1)
  A fire elemental (Elf:3)
  A human (Zot:3)
  A hell hound (Depths:1)
  3 orc warriors
  9 ogres
  A gnoll sergeant (D:13)
  A crimson imp (D:13)
  3 orc priests
  2 orcs (Vaults:4)
213 creatures vanquished.

Vanquished Creatures (others)
  A tentacled monstrosity (Zot:4)
  2 sphinxes (Depths:1)
  4 draconian monks
  A fire giant (Depths:2)
  3 draconian shifters
  A ghost moth (Zot:5)
  A draconian scorcher (Zot:3)
  A draconian annihilator (Zot:3)
  A draconian stormcaller (Zot:4)
  2 deep elf demonologists
  A green draconian (Zot:5)
  A purple draconian (Zot:5)
  An ogre mage (Depths:1)
  A fire dragon (Depths:3)
  A deep elf high priest (Elf:3)
  3 vault guards
  An ice dragon (Vaults:4)
  2 ironbrand convokers
  2 two-headed ogres
  A tengu warrior (Depths:1)
  A deep elf knight (Elf:3)
  3 deep elf archers
  A deep troll (Depths:4)
  A harpy (Depths:1)
  An orc knight (Vaults:4)
  An orc sorcerer (Elf:3)
  2 ugly things (Depths:1)
  A manticore (Depths:1)
  5 deep elf magi
  2 moths of wrath (Zot:5)
  A vault sentinel (Vaults:4)
  6 yaktaurs
  A troll (Vaults:2)
  A merfolk (shapeshifter) (Vaults:5)
  A merfolk (Shoals:4)
  A hornet (Depths:5)
  2 wargs (Vaults:2)
  3 spriggans (Depths:5)
  A golden eye (shapeshifter) (Vaults:5)
  A hell hound (Depths:1)
  2 orc warriors (Vaults:2)
  An ogre (D:13)
  8 humans
  A centaur (Depths:1)
  An orc wizard (Vaults:2)
  An ufetubus (D:12)
  2 orcs
  A bat (Orc:1)
  77 fulminant prisms
  43 fungi
  82 plants
  69 tentacles
355 creatures vanquished.

Grand Total: 2794 creatures vanquished

Notes
Turn   | Place    | Note
-------+----------+-------------------------------------------
     0 | D:1      | PegasusDuck the Human Conjurer began the quest for the Orb.
     0 | D:1      | Reached XP level 1. HP: 13/13 MP: 3/3
   203 | D:1      | Reached XP level 2. HP: 17/19 MP: 0/5
   302 | D:1      | You fall through a shaft!
   385 | D:2      | Learned a level 2 spell: Searing Ray
   403 | D:2      | Noticed Natasha
  1135 | D:1      | Reached XP level 3. HP: 24/24 MP: 0/6
  1450 | D:2      | Killed Natasha
  1450 | D:2      | Reached XP level 4. HP: 7/30 MP: 0/7
  2630 | D:3      | Noticed Jessica
  2633 | D:3      | Killed Jessica
  2633 | D:3      | Reached XP level 5. HP: 36/36 MP: 5/9
  2699 | D:3      | Reached skill level 1 in Fighting
  2730 | D:3      | Noticed Sigmund
  2880 | D:3      | Noticed Nib's ghost (amateur OpAs)
  3056 | D:3      | Killed Nib's ghost
  3056 | D:3      | Reached XP level 6. HP: 43/43 MP: 5/10
  3093 | D:3      | Killed Sigmund
  3093 | D:3      | Reached skill level 5 in Conjurations
  3093 | D:3      | Reached XP level 7. HP: 50/50 MP: 10/12
  3964 | D:4      | Found Koxuz's Antique Weapon Shop.
  4425 | D:4      | Found Yshroced's Weapon Shop.
  4467 | D:4      | Noticed Natasha
  4474 | D:4      | Killed Natasha
  4482 | D:4      | Reached skill level 1 in Evocations
  4501 | D:4      | Found a staircase to the Ecumenical Temple.
  4515 | Temple   | Entered the Ecumenical Temple
  4568 | Temple   | Became a worshipper of Vehumet
  5035 | D:4      | Reached XP level 8. HP: 57/57 MP: 6/13
  5085 | D:4      | Noticed Natasha
  5088 | D:4      | Killed Natasha
  5760 | D:4      | Found Hotid's Assorted Antiques.
  5765 | D:4      | Bought a scroll labeled GAGOECWOSSI for 25 gold pieces
  5820 | D:4      | Found a deep blue altar of Sif Muna.
  5863 | D:5      | Entered Level 5 of the Dungeon
  5863 | D:5      | Found a blossoming altar of Fedhas.
  6051 | D:5      | Noticed Edmund
  6061 | D:5      | Killed Edmund
  6084 | D:5      | Noticed Duvessa
  6093 | D:5      | Noticed Dowan
  6535 | D:5      | Found an opulent altar of Gozag.
  6536 | D:5      | Found a stormy altar of Qazlal.
  6536 | D:5      | Found a burning altar of Makhleb.
  6536 | D:5      | Found an iron altar of Okawaru.
  6580 | D:5      | Learned a level 3 spell: Dazzling Spray
  6869 | D:5      | Reached skill level 5 in Stealth
  7136 | D:5      | Killed Duvessa
  7136 | D:5      | Reached XP level 9. HP: 41/62 MP: 2/15
  7419 | D:5      | Killed Dowan
  7723 | D:6      | Found a snail-covered altar of Cheibriados.
  7740 | D:6      | Noticed Menkaure
  7743 | D:6      | Killed Menkaure
  7812 | D:6      | Reached * piety under Vehumet
  7812 | D:6      | Offered knowledge of Freeze by Vehumet.
  7871 | D:6      | Reached skill level 5 in Dodging
  8087 | D:6      | Learned a level 4 spell: Iskenderun's Mystic Blast
  8926 | D:7      | Reached skill level 5 in Spellcasting
  9612 | D:7      | Found Benunwi's General Store.
  9629 | D:7      | Learned a level 4 spell: Force Lance
  9699 | D:7      | Reached skill level 5 in Fighting
  9699 | D:7      | Reached XP level 10. HP: 52/71 MP: 4/17
  9845 | D:7      | Found a glowing silver altar of Zin.
  9878 | D:7      | Reached skill level 1 in Translocations
  9929 | D:7      | Bought a scroll of enchant armour for 105 gold pieces
  9929 | D:7      | Bought a scroll of identify for 28 gold pieces
 11331 | D:8      | Found a hide-covered altar of Uskayaw.
 11336 | D:8      | Offered knowledge of Sandblast by Vehumet.
 11368 | D:8      | Reached ** piety under Vehumet
 11478 | D:8      | Found an ancient bone altar of Kikubaaqudgha.
 11478 | D:8      | Found a deep blue altar of Sif Muna.
 11733 | D:8      | Reached skill level 5 in Evocations
 12231 | D:9      | Found an ancient bone altar of Kikubaaqudgha.
 12852 | D:9      | Offered knowledge of Throw Frost by Vehumet.
 13070 | D:9      | Reached skill level 10 in Conjurations
 13212 | D:9      | Reached *** piety under Vehumet
 13420 | D:9      | Found Inygehem's Armour Shoppe.
 14083 | D:9      | Found a staircase to the Lair.
 14260 | Lair:1   | Entered Level 1 of the Lair of Beasts
 14272 | D:9      | Reached XP level 11. HP: 21/79 MP: 4/19
 14567 | Lair:1   | Reached skill level 5 in Translocations
 14577 | D:9      | Offered knowledge of Airstrike by Vehumet.
 15376 | Lair:1   | Learned a level 2 spell: Slow
 15830 | Lair:1   | Reached skill level 1 in Hexes
 16532 | Lair:1   | Reached skill level 2 in Hexes
 17208 | Lair:2   | Reached **** piety under Vehumet
 17620 | Lair:2   | Noticed an elephant
 17624 | Lair:2   | Noticed an elephant
 17625 | Lair:2   | Noticed an elephant
 17646 | Lair:2   | Noticed an elephant
 17693 | Lair:2   | Killed an elephant
 17732 | Lair:2   | Killed an elephant
 17732 | Lair:2   | Reached skill level 3 in Hexes
 17732 | Lair:2   | Reached XP level 12. HP: 39/86 MP: 4/22
 18760 | Lair:3   | Reached skill level 4 in Hexes
 18953 | Lair:3   | Found a staircase to the Shoals.
 19069 | Lair:3   | Found a sacrificial altar of Ru.
 19777 | Lair:3   | Got a crude pewter ring
 19785 | Lair:3   | Got a crystal spear
 19786 | Lair:3   | Identified the cursed +0 spear of Crystal {drain, Str-5 Int+4 Dex+2} (You found it on level 3 of the Lair of Beasts)
 20160 | Lair:4   | Identified the ring of Pantheism {Str+4 Int+3 SInv} (You found it on level 3 of the Lair of Beasts)
 20208 | Lair:4   | Learned a level 4 spell: Fulminant Prism
 20248 | Lair:4   | Found a hole to the Spider Nest.
 20259 | Lair:4   | Offered knowledge of Iskenderun's Battlesphere by Vehumet.
 20281 | Lair:4   | Reached skill level 5 in Hexes
 21198 | Lair:4   | Noticed Urug
 21208 | Lair:4   | Killed Urug
 21552 | Lair:4   | Reached XP level 13. HP: 55/91 MP: 15/25
 21689 | Lair:4   | Reached skill level 1 in Polearms
 22153 | Lair:5   | Reached skill level 6 in Hexes
 23015 | Lair:6   | Entered Level 6 of the Lair of Beasts
 23305 | Lair:6   | Noticed a seven-headed hydra
 23334 | Lair:6   | Killed a seven-headed hydra
 24027 | Lair:6   | Found a viscous altar of Jiyva.
 24027 | Lair:6   | Found a staircase to the Slime Pits.
 24100 | Lair:6   | Learned a level 4 spell: Cause Fear
 24495 | Lair:6   | Reached skill level 7 in Hexes
 25998 | Lair:5   | Reached XP level 14. HP: 81/98 MP: 5/27
 26143 | Lair:6   | Reached ***** piety under Vehumet
 26733 | Lair:5   | Reached skill level 15 in Conjurations
 27314 | Lair:5   | Reached skill level 5 in Polearms
 28341 | Lair:6   | Offered knowledge of Sticky Flame by Vehumet.
 28352 | Lair:6   | Learned a level 4 spell: Sticky Flame
 28514 | Lair:6   | Reached skill level 8 in Hexes
 29712 | Lair:6   | Found a viscous altar of Jiyva.
 29713 | Lair:6   | Found a staircase to the Slime Pits.
 30506 | D:10     | Entered Level 10 of the Dungeon
 30810 | D:10     | Noticed Harold
 30830 | D:10     | Killed Harold
 31601 | D:10     | Found a staircase to the Orcish Mines.
 31909 | D:11     | Found Gigrud's Food Boutique.
 32479 | D:11     | Offered knowledge of Venom Bolt by Vehumet.
 32637 | D:11     | Reached XP level 15. HP: 102/102 MP: 18/28
 33105 | D:12     | Noticed Kirke
 33129 | D:11     | Killed Kirke
 35135 | D:13     | Found a large runed door.
 35137 | D:13     | Noticed a sphinx
 35139 | D:13     | Found a large runed door.
 35277 | D:13     | Offered knowledge of Poison Arrow by Vehumet.
 35393 | D:13     | Found a large runed door.
 35397 | D:13     | Found a large runed door.
 35401 | D:13     | Found a large runed door.
 35402 | D:13     | Found a large runed door.
 35767 | D:13     | Found a large runed door.
 36065 | D:13     | Found a large runed door.
 37320 | D:14     | Found a gate to the Vaults.
 37493 | D:15     | Entered Level 15 of the Dungeon
 37767 | D:15     | Noticed Agnes
 38113 | D:15     | Killed Agnes
 38251 | D:15     | Reached XP level 16. HP: 98/113 MP: 10/29
 38466 | D:15     | Found a portal to a secret trove of treasure.
 38870 | D:15     | Reached skill level 1 in Staves
 39180 | D:15     | Found a staircase to the Depths.
 39180 | D:15     | Noticed a fire giant
 39264 | D:15     | Found a shadowy altar of Dithmenos.
 39596 | D:15     | Killed a fire giant
 39813 | Orc:1    | Entered Level 1 of the Orcish Mines
 39813 | Orc:1    | Noticed Erica
 39843 | Orc:2    | Entered Level 2 of the Orcish Mines
 39852 | Orc:2    | Found Ujikeg's Antique Weapon Shoppe.
 40005 | Orc:1    | Found a dark tunnel.
 40014 | Volcano  | Entered a volcano
 40229 | Volcano  | Offered knowledge of Bolt of Draining by Vehumet.
 42601 | Orc:2    | Found a staircase to the Elven Halls.
 42912 | Orc:2    | Found Lats's Food Shop.
 42912 | Orc:2    | Found Zifoduar's Book Emporium.
 42914 | Orc:2    | Found Lipnap's Book Shoppe.
 42916 | Orc:2    | Found Becwaer's Armour Boutique.
 43085 | Orc:1    | Noticed Maurice
 43093 | Orc:1    | Killed Erica
 43102 | Orc:1    | Killed Maurice
 44059 | Orc:1    | Noticed Erolcha
 44113 | Orc:1    | Killed Erolcha
 44343 | Orc:2    | Bought a book of Enchantments for 650 gold pieces
 44575 | Spider:1 | Entered Level 1 of the Spider Nest
 44578 | Spider:1 | Reached skill level 1 in Armour
 47555 | Lair:4   | Reached skill level 9 in Hexes
 47958 | Spider:1 | Paralysed by a hornet for 2 turns
 48685 | Spider:1 | Noticed Rupert
 48704 | Spider:1 | Offered knowledge of Ozocubu's Refrigeration by Vehumet.
 48717 | Spider:1 | Killed Rupert
 48945 | Spider:1 | Reached XP level 17. HP: 122/122 MP: 21/30
 51732 | Spider:2 | Reached ****** piety under Vehumet
 51920 | Spider:2 | Reached skill level 10 in Hexes
 52520 | Spider:2 | Offered knowledge of Orb of Destruction by Vehumet.
 53575 | Spider:3 | Reached skill level 11 in Hexes
 55089 | Spider:4 | Entered Level 4 of the Spider Nest
 55585 | Spider:4 | Reached skill level 12 in Hexes
 57916 | Spider:4 | Offered knowledge of Conjure Ball Lightning by Vehumet.
 57996 | Spider:3 | Reached skill level 13 in Hexes
 58189 | Spider:3 | Reached XP level 18. HP: 113/130 MP: 2/31
 61703 | Spider:3 | Reached skill level 14 in Hexes
 61963 | Spider:4 | Got a gossamer rune of Zot
 62151 | Shoals:1 | Entered Level 1 of the Shoals
 62292 | Shoals:1 | Found Vedigiff's Antique Weapon Boutique.
 62766 | Shoals:1 | Noticed a kraken
 63999 | Shoals:1 | Reached skill level 5 in Staves
 64211 | Shoals:1 | Reached skill level 10 in Evocations
 64825 | Shoals:1 | Killed a kraken
 66129 | Shoals:3 | Found Xonus's Jewellery Boutique.
 69188 | Shoals:3 | Reached skill level 15 in Hexes
 69845 | Shoals:3 | Reached XP level 19. HP: 90/136 MP: 4/32
 69959 | Shoals:3 | Found Etocsaph's Food Shoppe.
 70908 | Shoals:2 | Reached skill level 10 in Spellcasting
 71399 | Shoals:3 | Got a scintillating brass amulet
 71407 | Shoals:3 | Identified the amulet "Yro Pal Effi" {+Rage rC++ MR+ Str-2 Int+4} (You found it on level 3 of the Shoals)
 71651 | Shoals:3 | Found Cilurud's Gadget Emporium.
 71878 | Shoals:3 | Reached skill level 5 in Armour
 72251 | Shoals:3 | Found Igicurev's Jewellery Boutique.
 72259 | Shoals:3 | Bought the ring of Phasing {EV+8} for 2176 gold pieces
 72259 | Shoals:3 | Found the ring of Phasing {EV+8}
 72277 | Shoals:3 | Noticed Polyphemus
 72919 | Shoals:3 | Killed Polyphemus
 74192 | Shoals:4 | Entered Level 4 of the Shoals
 74264 | Shoals:4 | Learned a level 4 spell: Passage of Golubria
 74549 | Shoals:4 | Noticed Ilsuiw
 74688 | Shoals:4 | Noticed Nikola
 76117 | Shoals:3 | Learned a level 8 spell: Discord
 77531 | Shoals:3 | Killed Ilsuiw
 79066 | Shoals:4 | Killed Nikola
 79066 | Shoals:4 | Reached skill level 16 in Hexes
 80823 | Shoals:4 | Noticed Mara
 80841 | Shoals:4 | Learned a level 5 spell: Silence
 81071 | Shoals:4 | Reached XP level 20. HP: 143/143 MP: 10/34
 81169 | Shoals:4 | Noticed PegasusDuck's illusion
 82305 | Shoals:4 | Offered knowledge of Fire Storm by Vehumet.
 82305 | Shoals:4 | Offered knowledge of Glaciate by Vehumet.
 82305 | Shoals:4 | Offered knowledge of Chain Lightning by Vehumet.
 82415 | Shoals:4 | Got a barnacled rune of Zot
 82739 | Shoals:3 | Killed Mara
 83105 | Vaults:1 | Entered Level 1 of the Vaults
 86632 | Vaults:1 | Reached skill level 17 in Hexes
 88613 | Vaults:2 | Found a staircase to the Crypt.
 88792 | Vaults:2 | Noticed Saint Roka
 88819 | Vaults:2 | Killed Saint Roka
 89930 | Vaults:2 | Reached XP level 21. HP: 124/148 MP: 17/36
 91193 | Vaults:2 | Reached skill level 10 in Staves
 92416 | Vaults:2 | Reached skill level 18 in Hexes
 94960 | Vaults:3 | Found Plog's Jewellery Shoppe.
 96855 | Vaults:3 | Reached skill level 10 in Armour
 97055 | Vaults:3 | Learned a level 7 spell: Orb of Destruction
 97186 | Vaults:3 | Reached XP level 22. HP: 139/155 MP: 38/38
 99266 | Vaults:4 | Reached skill level 19 in Hexes
102716 | Depths:1 | Entered Level 1 of the Depths
103377 | Depths:1 | Found Pustall's Gadget Boutique.
103377 | Depths:1 | Found Oziuxa's Jewellery Emporium.
103382 | Depths:1 | Found Ejiyrairr's Gadget Boutique.
103445 | Depths:1 | Bought a wand of acid (8) for 408 gold pieces
103673 | Depths:1 | Reached XP level 23. HP: 125/161 MP: 19/39
103880 | Depths:1 | Reached skill level 20 in Hexes
104627 | Depths:1 | Found a gateway to Hell.
108157 | Depths:2 | Reached skill level 10 in Fighting
108752 | Depths:2 | Found Iphuttai's Antique Armour Boutique.
108757 | Depths:2 | Bought a pair of embroidered boots for 345 gold pieces
108852 | Depths:2 | Found a gateway to a ziggurat.
110244 | Depths:2 | Noticed a juggernaut
110643 | Depths:2 | Killed a juggernaut
110643 | Depths:2 | Reached skill level 21 in Hexes
112013 | Depths:2 | Reached XP level 24. HP: 141/175 MP: 5/39
116062 | Depths:3 | Noticed the Enchantress
116279 | Depths:3 | Killed the Enchantress
116279 | Depths:3 | Reached skill level 10 in Dodging
116379 | Depths:3 | Identified the +2 faerie dragon scales {rCorr Int+4} (You took it off the Enchantress on level 3 of the Depths)
116707 | Depths:3 | Found a runed door.
119071 | Depths:3 | Reached XP level 25. HP: 159/186 MP: 24/40
119272 | Depths:3 | Found a one-way gate leading to the halls of Pandemonium.
119373 | Depths:3 | Learned a level 3 spell: Confuse
119796 | Depths:4 | Reached skill level 22 in Hexes
121036 | Depths:4 | Noticed a caustic shrike
121044 | Depths:4 | Killed a caustic shrike
122179 | Depths:4 | Identified the Handbook of Bewitching Creation
122180 | Depths:4 | Found the +11 plutonium sword {*Contam Stlth-}
122183 | Depths:4 | Identified the +2 pair of gloves of Insatiable Hunger {rPois rCorr Slay+2} (You found it on level 4 of the Depths)
122215 | Depths:4 | Found a one-way gate to the infinite horrors of the Abyss.
122564 | Depths:5 | Entered Level 5 of the Depths
122920 | Depths:5 | Noticed a caustic shrike
122921 | Depths:5 | Noticed Xtahua
122921 | Depths:5 | Noticed a caustic shrike
122921 | Depths:5 | Noticed a caustic shrike
122923 | Depths:5 | Noticed a caustic shrike
123841 | Depths:5 | Noticed Boris
123894 | Depths:5 | Killed Boris
124752 | Depths:5 | Killed a caustic shrike
125045 | Depths:5 | Killed a caustic shrike
125053 | Depths:5 | Killed a caustic shrike
125056 | Depths:5 | Killed a caustic shrike
125840 | Depths:5 | Killed Xtahua
126209 | Depths:5 | Reached XP level 26. HP: 190/197 MP: 30/41
126773 | Depths:5 | Found a gate to the Realm of Zot.
127015 | D:11     | Learned a level 6 spell: Darkness
127106 | Elf:1    | Entered Level 1 of the Elven Halls
127119 | Elf:1    | Found an ancient bone altar of Kikubaaqudgha.
128049 | Elf:1    | Identified the Incunabulum of Damage Dealing
128755 | Elf:2    | Found Pyfihi Igick's General Store.
128807 | Elf:2    | Bought a scroll of enchant weapon for 112 gold pieces
129011 | Elf:2    | Found a runed gate.
129011 | Elf:2    | Found a runed gate.
129011 | Elf:2    | Found a runed gate.
129048 | Elf:2    | Found Torutisu's Jewellery Shop.
129053 | Elf:2    | Noticed Jorgrun
129057 | Elf:2    | Killed Jorgrun
129204 | Elf:2    | Found a gateway to a bazaar.
129247 | Elf:2    | Found Bigom's General Store.
129267 | Bazaar   | Entered a bazaar
129267 | Bazaar   | Found Keosing's Magic Scroll Shoppe.
129267 | Bazaar   | Found Fysir's Food Shoppe.
129267 | Bazaar   | Found Kegiunet's General Store.
129269 | Bazaar   | Found Qickiaru's Gadget Emporium.
129277 | Bazaar   | Bought a wand of acid (7) for 176 gold pieces
129285 | Bazaar   | Bought a scroll of blinking for 120 gold pieces
129285 | Bazaar   | Bought a scroll of enchant armour for 120 gold pieces
129285 | Bazaar   | Bought a scroll of blinking for 120 gold pieces
130490 | Elf:2    | Bought a scroll of enchant weapon for 135 gold pieces
130490 | Elf:2    | Bought a scroll of enchant armour for 135 gold pieces
130502 | Elf:3    | Entered Level 3 of the Elven Halls
131266 | Elf:3    | Found Doexugor's Armour Boutique.
131275 | Elf:3    | Bought the +1 cloak "Fulor" {rF++ MR+} for 594 gold pieces
132399 | Elf:3    | Reached skill level 15 in Spellcasting
132401 | Elf:3    | Got a glittering wooden ring
132661 | Elf:3    | Reached skill level 10 in Translocations
132714 | Elf:3    | Identified the cursed ring of Suqo {rF+ Str-3 Int+4} (You took it off a deep elf knight on level 3 of the Elven Halls)
132716 | Elf:3    | Identified the ring of the Bull {rF+ Int+3 Slay+3 Stlth+} (You took it off a deep elf demonologist on level 3 of the Elven Halls)
133027 | Elf:3    | Identified the Papyrus of Spatial Evil
133127 | Elf:3    | Identified the Collected Works on Evil Rites and Stones
133868 | Vaults:5 | Entered Level 5 of the Vaults
133868 | Vaults:5 | Noticed Jory
133883 | Vaults:4 | Killed Jory
134179 | Vaults:4 | Reached XP level 27. HP: 172/206 MP: 20/42
136535 | Vaults:5 | Reached skill level 15 in Fighting
137652 | Vaults:4 | Got a fine iron ring
137664 | Vaults:4 | Identified the ring "Daquyb" {MR+ AC+1 Int+5} (You took it off a vault warden on level 4 of the Vaults)
137756 | Vaults:5 | Got a silver rune of Zot
138037 | Vaults:5 | Noticed an ancient lich
138532 | Vaults:5 | Identified the Almanac of the Eel
138573 | Vaults:5 | Killed an ancient lich
139012 | Vaults:5 | Found Uklul's Jewellery Shop.
139887 | Vaults:5 | Got a scorched bone ring
140786 | Vaults:5 | Got a glittering golden ring
140789 | Vaults:5 | Identified the ring "Dicag" {+Blink Dex+3} (You took it off an ogre mage on level 5 of the Vaults)
140790 | Vaults:5 | Identified the cursed ring of Vuun {rC- Str+5 Int-2} (You took it off an ironheart preserver on level 5 of the Vaults)
140854 | Vaults:5 | Identified Caqeufu's Guide on Moulding
141644 | Zot:1    | Entered Level 1 of the Realm of Zot
141896 | Zot:1    | Noticed an orb of fire
143248 | Zot:1    | Gained mutation: Your spells are a little easier to cast, but a little less powerful. [an orb of fire]
143270 | Zot:1    | Killed an orb of fire
149610 | Zot:4    | Learned a level 2 spell: Searing Ray
149620 | Zot:4    | Learned a level 8 spell: Controlled Blink
150550 | Zot:5    | Entered Level 5 of the Realm of Zot
151268 | Zot:5    | Noticed an orb of fire
151405 | Zot:5    | Noticed an orb of fire
151459 | Zot:5    | Killed an orb of fire
151469 | Zot:5    | Noticed an orb of fire
151690 | Zot:5    | Gained mutation: You tend to lose your temper in combat. [an orb of fire]
151700 | Zot:5    | Killed an orb of fire
151895 | Zot:5    | Noticed an ancient lich
151913 | Zot:4    | Killed an ancient lich
152035 | Zot:5    | Gained mutation: Your mind is acute. (Int +2) [an orb of fire]
152036 | Zot:5    | Gained mutation: Potions are less effective at restoring your health. [an orb of fire]
152048 | Zot:5    | Killed an orb of fire
152974 | Zot:4    | Lost mutation: Potions are less effective at restoring your health. [potion of mutation]
152974 | Zot:4    | Lost mutation: Your spells are a little easier to cast, but a little less powerful. [potion of mutation]
152974 | Zot:4    | Lost mutation: Your mind is acute. (Int +2) [potion of mutation]
152974 | Zot:4    | Gained mutation: Scrolls take you a little longer to read. [potion of mutation]
152974 | Zot:4    | Gained mutation: You have a pair of small horns on your head. [potion of mutation]
152974 | Zot:4    | Gained mutation: Your mind is acute. (Int +2) [potion of mutation]
152974 | Zot:4    | Gained mutation: Your flesh is heat resistant. (rF+) [potion of mutation]
152975 | Zot:4    | Lost mutation: Your flesh is heat resistant. (rF+) [potion of mutation]
152975 | Zot:4    | Lost mutation: You tend to lose your temper in combat. [potion of mutation]
152975 | Zot:4    | Lost mutation: Scrolls take you a little longer to read. [potion of mutation]
152975 | Zot:4    | Gained mutation: You have supernaturally acute eyesight. (SInv) [potion of mutation]
152975 | Zot:4    | Gained mutation: You have large cloven feet. [potion of mutation]
152975 | Zot:4    | Gained mutation: You are agile. (Dex +2) [potion of mutation]
153047 | Zot:5    | Noticed an ancient lich
153071 | Zot:5    | Killed an ancient lich
153071 | Zot:5    | Reached skill level 15 in Translocations
153858 | Zot:5    | Noticed an orb of fire
153884 | Zot:5    | Gained mutation: You tend to lose your temper in combat. [an orb of fire]
153886 | Zot:5    | Lost mutation: Your mind is acute. (Int +2) [an orb of fire]
153889 | Zot:5    | Lost mutation: You have a pair of small horns on your head. [an orb of fire]
153890 | Zot:5    | Killed an orb of fire
154193 | Zot:5    | Noticed an orb of fire
154203 | Zot:5    | Killed an orb of fire
154494 | Zot:5    | Noticed an orb of fire
155003 | Zot:4    | Learned a level 2 spell: Blink
155073 | Zot:5    | Lost mutation: You are agile. (Dex +2) [an orb of fire]
155074 | Zot:5    | Killed an orb of fire
155074 | Zot:5    | Reached skill level 15 in Armour
155851 | Zot:5    | HP: 3/219 [Orb Guardian (18)]
155853 | Zot:5    | Splashed by a yellow draconian's acid

Vault maps used:
D:1:      minmay_arrival_widening_spiral_wide, hex_large
D:2:      uniq_natasha
D:3:      lemuel_upstairs_altar, portal_sewer_entry_d, first_ration,
          uniq_sigmund, uniq_jessica
D:4:      minmay_temple_entry_junction, serial_shops, kennysheep_mini, shop,
          shop, lemuel_blue_sif_altar
D:5:      fedhas_altar_3, chequers_temple_overflow_statue_of_worship,
          uniq_duvessa, uniq_edmund
D:6:      lemuel_crystal_altar, minivault_1, uniq_menkaure
D:7:      marbit_many_paths, serial_shops, nicolae_shop_statue_plus,
          kennysheep_path_1
D:8:      lemuel_crystal_altar, gammafunk_temple_overflow_wave
D:9:      grunt_lair_entry_orc_guard_hut, serial_shops,
          nicolae_shop_window_shopping, hangedman_fish_farm, tgw_kikubaaqudgha
D:10:     hiddenorc1_lemuel, uniq_harold
D:11:     serial_shops, shop
D:12:     cheibrodos_frozen_isle, uniq_kirke
D:13:     minmay_five_octagons
D:14:     david_vaults_5, kennysheep_crisscross, minivault_26, corner_web_ring,
          due_unseen_surprise
D:15:     grunt_enter_depths_giant_problem, enter_trove_0,
          grunt_dithmenos_shadows, uniq_agnes
Temple:   minmay_temple_bridge_abc
Lair:1:   grunt_megastairs_4
Lair:2:   st_stairs_8
Lair:3:   shoals_dummy_entry, basic_altar
Lair:4:   nicolae_spider_entry_tight_spaces, infiniplex_staircase_pool,
          lemuel_fruit_fields, uniq_urug
Lair:5:   minivault_23
Lair:6:   grunt_lair_end_beastmaster, slime_altar_1, grunt_megastairs_1
Shoals:1: serial_shops, shop, nicolae_shoals_kraken_intersection
Shoals:2: nicolae_shoals_seven_spires
Shoals:3: cheibrodos_shoals_roost, serial_shops, shop, shop, shop,
          nicolae_shop_trees, st_shoals_ruin, uniq_polyphemus
Shoals:4: shoals_end_grunt_ice, shoals_ilsuiw_ice, nicolae_shoals_drake_roost,
          uniq_nikola, uniq_mara
Spider:1: nicolae_crawler_farm, uniq_rupert
Spider:2: portal_ice_cave_entry_dragon, spider_trap, zaba_antful_of_joy
Spider:4: grunt_spider_rune_island
Orc:1:    enter_volcano_1, roderic_batcave, nicolae_orc_flooded_monolith,
          uniq_erica, uniq_erolcha, uniq_maurice
Orc:2:    st_orc_rangers, serial_shops, shop
Elf:1:    basic_altar, minmay_elf_annihilation
Elf:2:    serial_shops, bzr_in_the_mist, shop_fountains, shop_statue, shop,
          unseen_surprise_small, uniq_jorgrun
Elf:3:    minmay_elf_hall_dome, serial_shops, shop, grunt_ministairs_8,
          minivault_15, spider_trap, einodemon_crawler_minivault
Vaults:1: v_misc_5, grunt_vaults_trifunnel, grunt_vaults_funnel, v_rooms_5,
          v_misc_13, nicolae_vaults_little_squares_3
Vaults:2: vaults_room_semicircle, hangedman_vaults_hat, nicolae_vaults_octagons,
          v_pattern_5, vaults_standard_mumra_enter_the_diamond,
          nicolae_vaults_circle_grid_a, minmay_crypt_entry_simple_sparse,
          hangedman_vaults_corner_blocks, nicolae_vaults_border_crossing,
          grunt_vaults_focal, vaults_dpeg_hooks,
          nicolae_vaults_ring_of_whatevers, hangedman_vaults_restitches,
          nicolae_vaults_network_s, vaults_room_ringed_pool, uniq_saint_roka
Vaults:3: nicolae_vaults_mini_display_case, nicolae_vaults_angled_halls,
          hangedman_vaults_stagger, ontoclasm_vaults_spin,
          dpeg_vaults_monster_doublerow, nicolae_vaults_stairing_the_circle,
          vaults_room_fours, v_pattern_3, nicolae_vaults_diagonal_hallway_8,
          nicolae_vaults_little_ls, ontoclasm_vaults_pinch, serial_shops, shop
Vaults:4: vaults_room_pools, hangedman_vaults_corner, v_misc_15,
          ontoclasm_vaults_hangar, vaults_room_hallway, v_pattern_1,
          grunt_vaults_bifocal, ontoclasm_vaults_eye,
          nicolae_vaults_yaktaur_gun_rack, special_room_vaults,
          grunt_vaults_diagonal, dpeg_vaults_monster_row, vaults_room_door_ring,
          dpeg_vaults_monster_box, vaults_room_pools
Vaults:5: uniq_jory
Depths:1: minmay_quantized_circle, special_room,
          lightli_enter_wizlab_magi_temple, grunt_hell_entry_dis_mu,
          minmay_stone_trees_small, minmay_metal_thing, minmay_shop_grove
Depths:2: cell_vault, enter_ziggurat_c, hangedman_abyss_or_decor_stabs,
          hell_entry, serial_shops, kennysheep_little_box,
          infiniplex_staircase_trident, grunt_megastairs_3
Depths:3: box_level_dp, hell_entry, pan_entry, uniq_enchantress
Depths:4: minmay_the_grid_four_pointed_star, abyss_entry, lightli_too_deep,
          nrook_uturn, serial_bayou_lagoon_a, infiniplex_staircase_door_maze,
          serial_bayou_shore_a
Depths:5: grunt_zot_entry_gee_three, minmay_door_square, hell_entry,
          grunt_pan_entry_spiral, minmay_misc_feat_chi, uniq_boris, uniq_xtahua
Zot:2:    st_stairs_8, basic_loot_grate_trap, lemuel_elevator
Zot:3:    circus_mu
Bazaar:   bazaar_general_marketplace
Volcano:  volcano_village

Skill      XL: |  1  2  3  4  5  6  7  8  9 10 11 12 13 14 15 16 17 18 19 20 21 22 23 24 25 26 27 |
---------------+----------------------------------------------------------------------------------+-----
Stealth        | 3 4 5 |  5.0
Dodging        | 3 4 5 7 8 10 12 13 | 13.9
Fighting       | 1 2 3 5 6 8 11 12 13 14 18 | 18.5
Spellcasting   | 3 4 5 6 8 9 10 11 12 13 14 15 18 | 18.3
Conjurations   | 5 6 8 10 12 13 14 15 16 17 | 17.1
Evocations     | 1 2 4 5 7 8 10 11 12 | 12.0
Translocations | 4 6 7 8 10 15 | 15.6
Hexes          | 3 5 7 8 9 13 15 16 17 18 19 21 22 | 22.6
Polearms       | 4 6 7 |  7.2
Staves         | 3 4 6 8 9 10 12 13 | 13.3
Armour         | 2 3 4 6 8 10 15 | 15.1

Action                   |  1- 3 |  4- 6 |  7- 9 | 10-12 | 13-15 | 16-18 | 19-21 | 22-24 | 25-27 || total
-------------------------+-------+-------+-------+-------+-------+-------+-------+-------+-------++-------
Melee: Unarmed           |    14 |    14 |       |       |       |       |       |       |       ||    28
       Short sword       |       |    57 |   124 |       |       |       |       |       |       ||   181
       Rapier            |       |       |    23 |       |       |       |       |       |       ||    23
       Trident           |       |       |    31 |   291 |       |       |       |       |       ||   322
       Spear             |       |       |       |    42 |       |       |       |       |       ||    42
       Halberd           |       |       |       |     8 |   796 |       |       |       |       ||   804
       Lajatang          |       |       |       |       |     1 |   927 |   678 |  1153 |  1985 ||  4744
       Headbutt          |       |       |       |       |       |       |       |       |     7 ||     7
       Staff             |       |       |       |       |       |       |       |       |     3 ||     3
 Cast: Magic Dart        |    58 |    91 |   406 |   202 |    62 |    39 |     5 |     1 |     3 ||   867
       Searing Ray       |       |     3 |     8 |   183 |    33 |     1 |       |       |       ||   228
       Dazzling Spray    |       |       |     9 |   111 |   205 |    53 |    23 |    11 |     1 ||   413
       Iskenderun's Myst |       |       |     1 |    25 |    86 |   667 |   873 |   576 |   593 ||  2821
       Force Lance       |       |       |       |    19 |   269 |   289 |   229 |   170 |   178 ||  1154
       Slow              |       |       |       |    12 |    18 |    53 |    70 |    80 |    66 ||   299
       Fulminant Prism   |       |       |       |     6 |    36 |    27 |     8 |       |       ||    77
       Cause Fear        |       |       |       |       |    18 |    79 |   109 |    30 |    16 ||   252
       Sticky Flame      |       |       |       |       |     5 |     5 |       |       |       ||    10
       Passage of Golubr |       |       |       |       |       |       |    18 |    23 |    18 ||    59
       Discord           |       |       |       |       |       |       |     2 |    28 |    72 ||   102
       Silence           |       |       |       |       |       |       |     1 |     6 |    15 ||    22
       Orb of Destructio |       |       |       |       |       |       |       |    48 |   233 ||   281
       Confuse           |       |       |       |       |       |       |       |       |    18 ||    18
       Darkness          |       |       |       |       |       |       |       |       |    37 ||    37
       Blink             |       |       |       |       |       |       |       |       |     2 ||     2
 Abil: Evoke Berserk Rag |       |       |       |       |       |       |     3 |     1 |     2 ||     6
Evoke: Wand              |       |     5 |    19 |    17 |    16 |    44 |    20 |    12 |    19 ||   152
       Crystal ball of e |       |       |       |    13 |     3 |    13 |    33 |     9 |     9 ||    80
       Lamp of fire      |       |       |       |       |     3 |     5 |     6 |     4 |     7 ||    25
       Phial of floods   |       |       |       |       |     2 |     7 |     7 |     4 |     9 ||    29
       Phantom mirror    |       |       |       |       |       |     1 |       |       |     3 ||     4
       Box of beasts     |       |       |       |       |       |       |     1 |       |     9 ||    10
       Sack of spiders   |       |       |       |       |       |       |       |     6 |     1 ||     7
       Lightning rod     |       |       |       |       |       |       |       |       |     4 ||     4
       Fan of gales      |       |       |       |       |       |       |       |       |     7 ||     7
       Staff of energy   |       |       |       |       |       |       |       |       |     1 ||     1
  Use: Scroll            |     2 |     6 |    11 |    15 |    12 |    18 |     9 |    17 |    29 ||   119
       Potion            |       |     1 |       |     5 |     5 |    10 |     4 |     6 |    15 ||    46
 Stab: Sleeping          |       |       |     1 |     7 |     9 |       |     2 |     4 |     6 ||    29
       Invisible         |       |       |     3 |    19 |    25 |    13 |     2 |     3 |       ||    65
       Distracted        |       |       |       |     3 |     4 |     3 |     2 |     1 |     6 ||    19
       Fleeing           |       |       |       |       |     1 |       |       |       |     1 ||     2
       Paralysed         |       |       |       |       |     2 |     8 |     4 |       |       ||    14
       Petrified         |       |       |       |       |       |     4 |       |       |       ||     4
       Held in net/web   |       |       |       |       |       |       |       |     1 |       ||     1
       Confused          |       |       |       |       |       |       |       |       |    10 ||    10
  Eat: Chunk             |     1 |     6 |    13 |    31 |    37 |    36 |    41 |    58 |    91 ||   314
       Ration            |       |       |     3 |     4 |    10 |    23 |    14 |    11 |    29 ||    94
Armor: Leather armour    |     4 |    39 |    77 |    31 |       |       |       |       |       ||   151
       Troll leather arm |       |       |       |   132 |   235 |    30 |       |       |       ||   397
       Ring mail         |       |       |       |       |       |   572 |   263 |   227 |   290 ||  1352
       Skin              |       |       |       |       |       |     8 |       |       |       ||     8
       Quicksilver drago |       |       |       |       |       |       |       |       |   231 ||   231
Dodge: Dodged            |    13 |    68 |   243 |   522 |   802 |  1173 |   942 |   865 |  1493 ||  6121
       Deflected         |       |     2 |     4 |     7 |    27 |     4 |       |       |       ||    44

Table legend:
 A = Spawn XP
 B = Non-spawn XP
 C = Spawn XP percentage of total XP
 D = Spawn monster count
 E = Non-spawn monster count
 F = Spawn count percentage of total count
 G = Total turns spent on level
                    A         B        C        D         E        F      G
               +---------+---------+-------+---------+---------+-------+---------
         Total |       0 | 1585492 |   0.0 |       0 |    2467 |   0.0 | 155853
               +---------+---------+-------+---------+---------+-------+---------
           D:1 |       0 |      34 |   0.0 |       0 |      19 |   0.0 |  1323
           D:2 |       0 |     101 |   0.0 |       0 |      24 |   0.0 |  1347
           D:3 |       0 |     484 |   0.0 |       0 |      31 |   0.0 |  1485
           D:4 |       0 |     714 |   0.0 |       0 |      33 |   0.0 |  2256
           D:5 |       0 |     840 |   0.0 |       0 |      19 |   0.0 |  1147
           D:6 |       0 |     542 |   0.0 |       0 |      14 |   0.0 |  1293
           D:7 |       0 |    1630 |   0.0 |       0 |      32 |   0.0 |  2104
           D:8 |       0 |     643 |   0.0 |       0 |      19 |   0.0 |  1176
           D:9 |       0 |    3429 |   0.0 |       0 |      45 |   0.0 |  2777
          D:10 |       0 |    4796 |   0.0 |       0 |      52 |   0.0 |  1250
          D:11 |       0 |   10375 |   0.0 |       0 |      64 |   0.0 |  1727
          D:12 |       0 |    6383 |   0.0 |       0 |      41 |   0.0 |  1648
          D:13 |       0 |   11801 |   0.0 |       0 |      49 |   0.0 |  1273
          D:14 |       0 |    7762 |   0.0 |       0 |      17 |   0.0 |  2582
          D:15 |       0 |   19663 |   0.0 |       0 |      37 |   0.0 |  3229
        Lair:1 |       0 |    6700 |   0.0 |       0 |      34 |   0.0 |  2330
        Lair:2 |       0 |    3927 |   0.0 |       0 |      14 |   0.0 |  1705
        Lair:3 |       0 |    3562 |   0.0 |       0 |      17 |   0.0 |  2405
        Lair:4 |       0 |   14301 |   0.0 |       0 |      47 |   0.0 |  5960
        Lair:5 |       0 |   11108 |   0.0 |       0 |      28 |   0.0 |  2704
        Lair:6 |       0 |   21421 |   0.0 |       0 |      62 |   0.0 |  5449
      Shoals:1 |       0 |   17372 |   0.0 |       0 |      36 |   0.0 |  4118
      Shoals:2 |       0 |   20443 |   0.0 |       0 |      39 |   0.0 |  5304
      Shoals:3 |       0 |   37564 |   0.0 |       0 |      56 |   0.0 |  7753
      Shoals:4 |       0 |   46950 |   0.0 |       0 |      66 |   0.0 |  3076
      Spider:1 |       0 |   15666 |   0.0 |       0 |      40 |   0.0 |  2956
      Spider:2 |       0 |   20335 |   0.0 |       0 |      75 |   0.0 |  2163
      Spider:3 |       0 |   22599 |   0.0 |       0 |      35 |   0.0 |  6321
      Spider:4 |       0 |   26350 |   0.0 |       0 |      60 |   0.0 |  1903
         Orc:1 |       0 |    8596 |   0.0 |       0 |      63 |   0.0 |  2399
         Orc:2 |       0 |    8670 |   0.0 |       0 |      52 |   0.0 |  2283
         Elf:1 |       0 |   19698 |   0.0 |       0 |      30 |   0.0 |   918
         Elf:2 |       0 |   30036 |   0.0 |       0 |      43 |   0.0 |  1924
         Elf:3 |       0 |   55000 |   0.0 |       0 |      69 |   0.0 |  2966
      Vaults:1 |       0 |   45118 |   0.0 |       0 |      73 |   0.0 |  5704
      Vaults:2 |       0 |   64869 |   0.0 |       0 |      98 |   0.0 |  6074
      Vaults:3 |       0 |   41548 |   0.0 |       0 |      68 |   0.0 |  2893
      Vaults:4 |       0 |  105164 |   0.0 |       0 |     168 |   0.0 |  7949
      Vaults:5 |       0 |  116835 |   0.0 |       0 |     103 |   0.0 |  3653
      Depths:1 |       0 |   64247 |   0.0 |       0 |      91 |   0.0 |  4191
      Depths:2 |       0 |   64725 |   0.0 |       0 |      63 |   0.0 |  5501
      Depths:3 |       0 |  116697 |   0.0 |       0 |     127 |   0.0 |  6553
      Depths:4 |       0 |   38655 |   0.0 |       0 |      39 |   0.0 |  3491
      Depths:5 |       0 |   82923 |   0.0 |       0 |      62 |   0.0 |  3701
         Zot:1 |       0 |   45179 |   0.0 |       0 |      19 |   0.0 |  1987
         Zot:2 |       0 |   20734 |   0.0 |       0 |      17 |   0.0 |  1462
         Zot:3 |       0 |   50933 |   0.0 |       0 |      48 |   0.0 |  1732
         Zot:4 |       0 |   96487 |   0.0 |       0 |      59 |   0.0 |  5260
         Zot:5 |       0 |  168658 |   0.0 |       0 |      61 |   0.0 |  3768
       Volcano |       0 |    3225 |   0.0 |       0 |       9 |   0.0 |   573
               +---------+---------+-------+---------+---------+-------+---------
